 Dungeon Crawl Stone Soup version 0.23.1 (webtiles) character file.

Game seed: 13308617451452223657

2244 Hasart the Basher (level 9, -1/56 HPs)
             Began as a Gargoyle Fighter on Mar 2, 2019.
             Slain by a two-headed ogre
             ... wielding a +0 giant club
              (19 damage)
             ... on level 8 of the Dungeon.
             The game lasted 00:17:27 (6693 turns).

Hasart the Basher (Gargoyle Fighter)                Turns: 6693, Time: 00:17:29

Health: -1/56      AC: 19    Str: 20    XL:     9   Next: 37%
Magic:  9/9        EV:  9    Int: 11    God:
Gold:   448        SH: 10    Dex: 10    Spells: 8/8 levels left

rFire    . . .     SeeInvis .   a - +0 flail
rCold    . . .     Gourm    .   c - +0 shield
rNeg     + . .     Faith    +   b - +0 scale mail
rPois    ∞         Spirit   .   z - +2 helmet
rElec    +         Reflect  .   l - +0 cloak
rCorr    .         Harm     .   v - +0 pair of gloves
MR       .....                  (no boots)
Stlth    ..........             h - amulet of faith
HPRegen  0.18/turn              C - ring of attention (curse)
MPRegen  0.11/turn              (no ring)

@: no status effects
A: negative energy resistance 1, electricity resistance, unbreathing,
petrification resistance, rot immunity, AC +6
a: no special abilities


You were on level 8 of the Dungeon.
You were not hungry.

You visited 2 branches of the dungeon, and saw 9 of its levels.

You collected 448 gold pieces.

Inventory:

Hand Weapons
 a - a +0 flail (weapon)
Missiles
 t - 3 javelins (quivered)
Armour
 b - a +0 scale mail (worn)
 c - a +0 shield (worn)
 l - a +0 cloak (worn)
 v - a +0 pair of gloves (worn)
 z - a +2 helmet (worn)
Jewellery
 h - an amulet of faith (around neck)
 C - a cursed ring of attention (left hand)
Wands
 s - a wand of paralysis (9)
 u - a wand of digging (3)
Scrolls
 d - a scroll of acquirement {unknown}
 e - 2 scrolls of amnesia {unknown}
 g - 3 scrolls of remove curse {unknown}
 m - 2 scrolls of immolation {unknown}
 o - 7 scrolls of identify {unknown}
 q - 3 scrolls of enchant weapon {unknown}
 r - a scroll of fog {unknown}
 w - a scroll of fear {unknown}
 x - a scroll of enchant armour {unknown}
 y - a scroll of noise {unknown}
 A - a scroll of blinking {unknown}
 D - a scroll of teleportation {unknown}
Potions
 i - 6 potions of curing
 j - a potion of magic {unknown}
 k - 2 potions of haste
 n - a potion of heal wounds {unknown}
 p - 3 potions of lignification {unknown}
 B - a potion of berserk rage {unknown}
Comestibles
 f - 7 rations


   Skills:
 + Level 6.9 Fighting
 * Level 8.1 Maces & Flails
 + Level 2.6 Throwing
 + Level 5.3 Armour
 + Level 2.7 Dodging
 + Level 5.5 Shields


You had 8 spell levels left.
You didn't know any spells.
Your spell library contained the following spells:

 Spells                   Type           Power        Failure   Level  Hunger
 Magic Dart               Conj           #...         97%         1    ##.....
 Blink                    Tloc           N/A          99%         2    ###....
 Call Imp                 Summ           #.......     99%         2    ###....
 Slow                     Hex            #.......     99%         2    ###....
 Conjure Flame            Conj/Fire      #.......     100%        3    ####...
 Mephitic Cloud           Conj/Pois/Air  #.......     100%        3    ####...


Dungeon Overview and Level Annotations

Branches:
Dungeon (8/15)             Temple (1/1) D:4
   Lair: D:8-11

Altars:
Ashenzari
Cheibriados
Dithmenos
Elyvilon
Fedhas
Kikubaaqudgha
Makhleb
Nemelex Xobeh
Qazlal
Ru
Trog
Uskayaw
Vehumet
Wu Jian
Xom
Yredelemnul
Zin
The Shining One

Annotations:
D:4 2 transporters, kalagan's ghost, novice DEEE


Innate Abilities, Weirdness & Mutations

You are resistant to torment.
Your stone body is resilient. (AC +6)
You are immune to poison.
You resist negative energy. (rN+)
You are resistant to electric shocks. (rElec)
You can survive without breathing.
You are immune to petrification.
You are immune to rotting.


Message History

You block the two-headed ogre's attack.
The two-headed ogre hits you but does no damage.
You hit the two-headed ogre but do no damage.
The two-headed ogre is moderately wounded.
You hit the two-headed ogre.
The two-headed ogre is moderately wounded.
The two-headed ogre barely misses you.
The two-headed ogre hits you with a +0 giant club!!
You hit the two-headed ogre but do no damage.
The two-headed ogre is moderately wounded.
The two-headed ogre hits you with a +0 giant club!
The two-headed ogre barely misses you.
You hit the two-headed ogre but do no damage.
The two-headed ogre is moderately wounded.
The two-headed ogre hits you with a +0 giant club.
You block the two-headed ogre's attack.
Your shield prevents you from hitting the two-headed ogre.
The two-headed ogre is moderately wounded.
The two-headed ogre hits you with a +0 giant club!!
You die...

.## ###.....
#.###.......
##...........
##..#.........
##..#..........
##..##..........
##..####.........
##..## ##.......#
#@...# ##.....##
#.O.....# ###...#
..........# ##.##
...(.........#
###
........(.......
................
................
..(............


You could see a two-headed ogre.

Vanquished Creatures
  Prince Ribbit (D:6)
  A hungry ghost (D:4)
  Menkaure (D:5)
  2 orc warriors
  A sky beast (D:5)
  An ice beast (D:7)
  A black bear (D:6)
  An ogre (D:5)
  2 bullfrogs (D:6)
  3 scorpions
  A howler monkey (D:6)
  3 centaur zombies
  A bullfrog zombie (D:7)
  3 jellies (D:7)
  A hound (D:8)
  3 orc priests
  A gnoll shaman (D:7)
  An iguana (D:8)
  3 orc wizards
  4 worker ants
  A killer bee zombie (D:8)
  A hound skeleton (D:4)
  10 adders
  8 gnolls
  A shadow imp (D:5)
  4 oozes
  4 adder skeletons
  2 worms (D:3)
  A dart slug (D:1)
  3 leopard geckos
  16 orcs
  3 ball pythons
  11 bats
  5 giant cockroaches
  13 goblins
  8 hobgoblins
  18 jackals
  9 kobolds
  2 quokkas
  3 frilled lizards (D:2)
  A jackal skeleton (D:4)
  7 rats
166 creatures vanquished.

Notes
Turn   | Place    | Note
-------+----------+-------------------------------------------
     0 | D:1      | Hasart the Gargoyle Fighter began the quest for the Orb.
     0 | D:1      | Reached XP level 1. HP: 14/14 MP: 1/1
   245 | D:1      | Reached XP level 2. HP: 19/19 MP: 2/2
   742 | D:2      | Reached XP level 3. HP: 23/23 MP: 3/3
  1027 | D:2      | Reached XP level 4. HP: 5/29 MP: 4/4
  1468 | D:2      | Reached skill level 3 in Maces & Flails
  1487 | D:2      | Reached skill level 1 in Dodging
  2076 | D:3      | Reached XP level 5. HP: 28/33 MP: 5/5
  2299 | D:3      | Found an ancient bone altar of Kikubaaqudgha.
  2457 | D:3      | Found a shattered altar of Ashenzari.
  2719 | D:4      | Found a shimmering altar of Xom.
  2773 | D:4      | Reached skill level 4 in Maces & Flails
  2773 | D:4      | Reached XP level 6. HP: 32/39 MP: 6/6
  2810 | D:4      | Found a staircase to the Ecumenical Temple.
  2836 | Temple   | Entered the Ecumenical Temple
  3147 | D:4      | Noticed a hungry ghost
  3179 | D:4      | Killed a hungry ghost
  3179 | D:4      | Reached skill level 5 in Fighting
  3179 | D:4      | Reached skill level 5 in Maces & Flails
  3179 | D:4      | Reached XP level 7. HP: 42/44 MP: 7/7
  3188 | D:4      | Found a transporter.
  3191 | D:4      | Noticed kalagan's ghost (novice DEEE)
  3380 | D:4      | Found a transporter.
  3408 | D:5      | Entered Level 5 of the Dungeon
  3652 | D:5      | Reached skill level 6 in Maces & Flails
  3694 | D:5      | Noticed Menkaure
  3705 | D:5      | Killed Menkaure
  4400 | D:6      | Reached XP level 8. HP: 48/51 MP: 8/8
  4468 | D:6      | Noticed Prince Ribbit
  4517 | D:6      | Killed Prince Ribbit
  4517 | D:6      | Reached skill level 7 in Maces & Flails
  4517 | D:6      | Reached skill level 1 in Throwing
  4621 | D:6      | Found a shadowy altar of Dithmenos.
  4993 | D:6      | Reached skill level 5 in Shields
  5085 | D:6      | Found a bloodstained altar of Trog.
  5423 | D:7      | Reached XP level 9. HP: 36/56 MP: 9/9
  5599 | D:7      | Reached skill level 5 in Armour
  6041 | D:7      | Noticed a rust devil
  6041 | D:7      | Noticed a rust devil
  6423 | D:7      | Reached skill level 8 in Maces & Flails
  6683 | D:8      | Noticed a two-headed ogre
  6693 | D:8      | Slain by a two-headed ogre

Skill      XL: |  1  2  3  4  5  6  7  8  9 |
---------------+----------------------------+-----
Maces & Flails | 3 4 5 6 7 8 |  8.1
Dodging        | 1 2 |  2.7
Shields        | 4 5 |  5.5
Fighting       | 4 5 6 |  6.9
Armour         | 4 5 |  5.3
Throwing       | 2 |  2.6

Action                   |  1- 3 |  4- 6 |  7- 9 || total
-------------------------+-------+-------+-------++-------
Melee: Flail             |   155 |   285 |   377 ||   817
Throw: Javelin           |       |       |    11 ||    11
  Use: Potion            |       |     1 |     4 ||     5
  Eat: Chunk             |     1 |    10 |     8 ||    19
       Ration            |       |     1 |     2 ||     3
Armor: Scale mail        |    93 |   212 |   185 ||   490
Dodge: Dodged            |    58 |   100 |   127 ||   285
Block: Shield            |    83 |   179 |   177 ||   439
